 Dungeon Crawl Stone Soup version bcrawl-1.34.4 (webtiles) character file.

Game seed: 10768585452470224468

132500 KristoblXynda the Skirmisher (level 3, -3/29 HPs)
             Began as a Demonspawn Gladiator on Nov 3, 2021.
             Slain by Sigmund
             ... wielding a +0 scythe
              (8 damage)
             ... on level 2 of the Dungeon.
             The game lasted 00:01:56 (1362 turns).

KristoblXynda the Skirmisher (Demonspawn Gladiator) Turns: 1362, Time: 00:01:56

Health: -3/29      AC:  3    Str: 15    XL:     3   Next: 82%
Magic:  3/3        EV: 13    Int:  9    God:
Gold:   72         SH:  1    Dex: 14    Spells: 2/2 levels left

rFire    . . .     SeeInvis .   a - +0 long sword
rCold    . . .     Gourm    .   (no shield)
rNeg     . . .     Faith    .   b - +0 leather armour
rPois    .         Spirit   .   (helmet restricted)
rElec    .         Reflect  .   (no cloak)
rCorr    .         Harm     .   (no gloves)
MR       .....                  (no boots)
Stlth    +++.......             (no amulet)
HPRegen  0.09/turn              o - ring of stealth
MPRegen  0.08/turn              (no ring)

@: no status effects
A: claws 1, horns 1
a: no special abilities


You were on level 2 of the Dungeon.
You were hungry.

You visited 1 branch of the dungeon, and saw 2 of its levels.

You collected 72 gold pieces.

Inventory:

Hand Weapons
 a - a +0 long sword (weapon)
Missiles
 d - a throwing net (quivered) {=f}
Armour
 b - a +0 leather armour (worn)
Jewellery
 o - a ring of stealth (left claw)
Scrolls
 c - a scroll of blinking {unknown}
 g - 2 scrolls of teleportation {unknown}
 j - 2 scrolls of enchant armour {unknown}
 l - a scroll of remove curse {unknown}
Potions
 k - a potion of resistance
 m - a potion of lignification
 n - a potion of mutation
Comestibles
 e - 2 rations {!d}


   Skills:
 + Level 3.4 Fighting
 + Level 3.2 Long Blades
 - Level 2.0 Throwing
 + Level 1.2 Armour
 + Level 3.1 Dodging


You had 2 spell levels left.
You didn't know any spells.
Your spell library was empty.

Dungeon Overview and Level Annotations

Branches:
Dungeon (2/12)

Altars:

Annotations:
D:2 Sigmund


Innate Abilities, Weirdness & Mutations

You have sharp fingernails.
You have a pair of small horns on your head.


Message History

Quivering
d - 3 throwing nets {=f} for throwing.
You hit the dart slug but do no damage. You headbutt the dart slug!
The dart slug is almost dead.
You slash the dart slug!
You kill the dart slug!
The sentinel's mark upon you fades away.
You start resting.
Something hits you. Something hits you!
* * * LOW HITPOINT WARNING * * *
You hit something.
No path to travel!
You miss something. You headbutt something! Something barely misses you.
Throwing (i - inventory)
d - 3 throwing nets (quivered)
{=f}
Press: ? - help, Shift-Dir - straight line You throw a throwing net {=f}.
You block something's attack.
Throwing (i - inventory)
d - 2 throwing nets (quivered)
{=f}
Press: ? - help, Shift-Dir - straight line You throw a throwing net {=f}.
You closely miss something. You headbutt something. Something hits you!
You die...

### #.. .. #.#
#. #.# . #.# .#
#.##.# ###
####.#.# ....
#.....###..#
#.#.#@.#...###
#..###........
#.#.#..(..####
#.##.##.#.##
#.##.##....####
#.?......#.....
#.#####.....##
#.#
##.####..###
..# #.##
#.#...#


There were no monsters in sight!

Vanquished Creatures
  A worm (D:2)
  A dart slug (D:2)
  6 leopard geckos
  A giant cockroach (D:1)
  3 goblins (D:1)
  11 hobgoblins
  5 jackals (D:1)
  2 quokkas (D:2)
  A ball python (D:2)
  3 bats
  4 frilled lizards
  4 kobolds (D:2)
  3 rats
45 creatures vanquished.

Notes
Turn   | Place    | Note
-------+----------+-------------------------------------------
     0 | D:1      | KristoblXynda the Demonspawn Gladiator began the quest for
                  | the Orb.
     0 | D:1      | Reached XP level 1. HP: 18/18 MP: 1/1
   205 | D:1      | Gained mutation: You have a pair of small horns on your
                  | head. [demonic ancestry]
   205 | D:1      | Reached XP level 2. HP: 12/24 MP: 2/2
   532 | D:1      | Gained mutation: You have sharp fingernails. [demonic
                  | ancestry]
   532 | D:1      | Reached XP level 3. HP: 29/29 MP: 3/3
  1065 | D:2      | Reached skill level 1 in Armour
  1304 | D:2      | Noticed Sigmund
  1362 | D:2      | Slain by Sigmund

Skill      XL: |  1  2  3 |
---------------+----------+-----
Throwing       | 2 |  2.0
Long Blades    | 3 |  3.2
Dodging        | 3 |  3.1
Armour         | 1 |  1.2
Fighting       | |  3.4

Action                   || total
-------------------------++-------
Melee: Long sword        ||   125
       Headbutt          ||    18
Throw: Throwing net      ||     2
  Use: Scroll            ||     4
       Potion            ||     1
  Eat: Chunk             ||     4
Armor: Leather armour    ||    34
Dodge: Dodged            ||    84
Block: Other             ||     1
